 Dungeon Crawl Stone Soup version 0.30-a0-585-g93115170b9 (webtiles) character file.

Game seed: 12150099237075969260

114 sokol815 the Sneak (level 4, -1/31 HPs)
             Began as an Octopode Brigand on Jan 3, 2023.
             Slain by an orc
             ... wielding a +1 hand axe of electrocution
              (3 damage)
             ... on level 3 of the Dungeon.
             The game lasted 00:03:54 (2180 turns).

sokol815 the Sneak (Octopode Brigand)               Turns: 2180, Time: 00:03:54

Health: -1/31      AC:  1    Str: 10    XL:     4   Next: 98%
Magic:  4/4        EV: 14    Int: 13    God:
Gold:   131        SH:  0    Dex: 21    Spells: 3/3 levels left

rFire   . . .      SeeInvis .    a - +2 dagger
rCold   . . .      Faith    .    (no shield)
rNeg    . . .      Spirit   .    (helmet restricted)
rPois   .          Reflect  .    (no amulet)
rElec   .          Harm     .    f - +6 ring of dexterity
rCorr   .          Rampage  .    (no ring)
Will    .....                    (no ring)
Stlth   +++++                    (no ring)
HPRegen 0.25/turn                (no ring)
MPRegen 0.09/turn                (no ring)
                                 (no ring)
                                 (no ring)

@: no status effects
A: almost no armour, amphibious, 8 rings, camouflage 1, gelatinous body 1,
(nimble swimmer 1), tentacles
a: no special abilities


You were on level 3 of the Dungeon.
You visited 1 branch of the dungeon, and saw 3 of its levels.

You collected 131 gold pieces.

Inventory:

Hand Weapons
 a - a +2 dagger (weapon)
 b - a +0 sling
   (You found it on level 2 of the Dungeon)
 m - a +2 mace of distortion {!w}
   (You found it on level 3 of the Dungeon)
Missiles
 c - 3 curare-tipped darts
 j - 9 poisoned darts
 l - 4 javelins
 s - 16 stones
Jewellery
 f - a +6 ring of dexterity (left tentacle)
   (You found it on level 1 of the Dungeon)
Wands
 i - a wand of iceblast (9)
   (You found it on level 2 of the Dungeon)
Scrolls
 X - 2 scrolls of magic mapping {@r4!r}
 Y - a scroll of teleportation {@r3}
Potions
 e - 2 potions of heal wounds {unknown}
 g - 2 potions of degeneration {unknown}
 h - 2 potions of curing {unknown}
 k - a potion of haste {unknown}
 M - 2 potions of magic
 U - a potion of mutation {!q}


   Skills:
 + Level 3.0 Fighting
 - Level 2.0 Short Blades
 - Level 2.0 Throwing
 + Level 2.4 Dodging
 + Level 6.3 Stealth
 * Level 1.7 Evocations


You had 3 spell levels left.
You didn't know any spells.
Your spell library contained the following spells:

 Spells                   Type           Power      Damage    Failure   Level
 Call Canine Familiar     Summ           0%         N/A       67%         3
 Gell's Gravitas          Tloc           0%         N/A       67%         3
 Portal Projectile        Hex/Tloc       0%         N/A       67%         3
 Teleport Other           Tloc           0%         N/A       67%         3
 Leda's Liquefaction      Hex/Erth       0%         N/A       97%         4
 Dispersal                Tloc           0%         N/A       100%        6


Dungeon Overview and Level Annotations

Branches:
Dungeon (3/15) Zot: 15829

Altars:


Innate Abilities, Weirdness & Mutations

You cannot wear most types of armour.
You are amphibious.
You can wear up to eight rings at the same time.
Your skin changes colour to match your surroundings (Stealth+).
Your rubbery body absorbs attacks. (AC +1, EV +1)
((You are camouflaged when in or above water. (Stealth+)))
You have tentacles for arms and can constrict up to eight enemies at once.


Message History

You constrict the hobgoblin, but do no damage.
The hobgoblin barely misses you.
You barely miss the hobgoblin. You constrict the hobgoblin.
You kill the hobgoblin!
No target in view!
You see here a hobgoblin corpse.
An endoplasm comes into view.
The helpless endoplasm fails to defend itself.
You spit the endoplasm like a pig!!!
You kill the endoplasm!
No target in view!
You see here a hobgoblin corpse.
There is a stone staircase leading down here.
You open the door.
There is an open door here.
s - 16 stones (gained 7)
There is an open door here.
A kobold comes into view. It is wielding a +0 short sword.
The kobold shouts!
The kobold hits you but does no damage.
You closely miss the kobold. You grab the kobold. You squeeze the kobold.
You constrict the kobold, but do no damage.
The kobold hits you with a +0 short sword.
You take 2 damage, and have 29/31 hp.
You hit the kobold.
You kill the kobold!
No target in view!
An orc comes into view. It is wielding a +0 war axe.
Health restored: 31 An orc wizard comes into view.
It is wielding a +0 dagger.
The orc wizard shouts!
An orc comes into view. It is wielding a +0 dagger.
An orc comes into view.
It is wielding a +1 hand axe of electrocution.
The orc wizard casts a spell.
The orc wizard flickers and vanishes!
Deactivating autopickup; reactivate with Ctrl-A.
The orc shouts!
An orc comes into view. It is wielding a +0 short sword.
The orc shouts! x2; You hear a shout!
You hear a shout!
A hobgoblin comes into view.
Something hits you.
The orc throws a boomerang.
The boomerang closely misses you.
You take 2 damage, and have 29/31 hp.
Something hits you.
The orc shouts!
You take 2 damage, and have 27/31 hp.
Something hits you. The orc closely misses you.
You take 3 damage, and have 24/31 hp.
You closely miss the orc. You grab the orc. You tentacle-slap the orc.
You constrict the orc. You hit the orc.
You kill the orc!
You hear some strange, mumbled words.
A magic dart appears from out of thin air!
The magic dart hits you!
You take 8 damage, and have 17/31 hp.
MASSIVE DAMAGE!!
You barely miss the orc. You grab the orc. You constrict the orc.
The orc closely misses you.
You hit the orc. You constrict the orc. Something hits you.
The orc hits you with a +0 short sword.
You take 6 damage, and have 11/31 hp.
You hit the orc.
You constrict the orc, but do no damage.
The orc hits you with a +0 dagger. Something hits you.
* * * LOW HITPOINT WARNING * * *
The orc hits you with a +0 short sword.
* * * LOW HITPOINT WARNING * * *
You take 4 damage, and have 7/31 hp.
Okay, then.
Really read
d - a scroll of poison {!r}?
Really read the scroll of poison?
The air fills with toxic fumes!
As you read the scroll of poison {!r}, it crumbles to dust.
You constrict the orc.
You kill the orc!
The orc closely misses you. Something hits you but does no damage.
You hit the orc but do no damage. You grab the orc.
You constrict the orc, but do no damage.
The orc hits you with a +0 dagger.
* * * LOW HITPOINT WARNING * * *
Something barely misses you.
You take 4 damage, and have 3/31 hp.
You release your grip on the orc.
Things that are here:
a +0 short sword; a +0 leather armour; a +0 war axe You hit the orc.
You grab the orc. You squeeze the orc, but do no damage. You constrict the orc.
The orc hits you with a +0 dagger.
* * * LOW HITPOINT WARNING * * *
You take 2 damage, and have 1/31 hp.
You hit the orc. You squeeze the orc, but do no damage. You constrict the orc.
You kill the orc!
You hear some strange, mumbled words.
Something tries to affect you, but you resist.
You barely miss the orc. You grab the orc. You constrict the orc.
The orc closely misses you.
You hit the orc but do no damage. You constrict the orc.
The orc hits you with a +1 hand axe of electrocution.
You die...

.####...###########......#.
.'.......................'.
.####...###########...#.##.
##..# ##.##.### ##.# ####.#
# #####.#### #.# #....g.g.#
#####.# #.###.##o# #.....#
#.##@# #.####### #o##☼#
#.##..... .oo☼§# #.##.####
#.#### #.##.# # #.#
#[##.#### #.# #........
####.#### #.#### #.....


You could see an orc and a hobgoblin.

Vanquished Creatures
  2 gnolls (D:3)
  2 adders
  A worm (D:3)
  4 dart slugs
  3 orcs (D:3)
  2 bats
  6 endoplasms
  6 giant cockroaches
  3 goblins
  7 hobgoblins
  3 jackals (D:3)
  2 quokkas (D:1)
  4 ball pythons (D:1)
  2 frilled lizards
  6 kobolds
  5 rats
58 creatures vanquished.

Notes
Turn   | Place    | Note
-------+----------+-------------------------------------------
     0 | D:1      | sokol815 the Octopode Brigand began the quest for the Orb.
     0 | D:1      | Reached XP level 1. HP: 14/14 MP: 1/1
   209 | D:1      | Reached XP level 2. HP: 19/19 MP: 2/2
   518 | D:1      | Reached XP level 3. HP: 25/25 MP: 3/3
   750 | D:2      | Reached skill level 2 in Dodging
  1016 | D:2      | Reached skill level 6 in Stealth
  1579 | D:3      | Reached XP level 4. HP: 22/30 MP: 4/4
  1584 | D:3      | Reached skill level 1 in Evocations
  1585 | D:3      | HP: 5/30 [gnoll/+0 club (7)]
  1851 | D:3      | Reached skill level 3 in Fighting
  2173 | D:3      | HP: 7/31 [orc/+0 short sword (1)]
  2175 | D:3      | HP: 3/31 [orc/+0 dagger (4)]
  2177 | D:3      | HP: 1/31 [orc/+0 dagger (2)]
  2180 | D:3      | Slain by an orc

Illustrated notes

Levels and vault maps discovered:
D:1:      matt_arrival_grand_opening, layout_basic, st_stairs_1,
          minmay_quantized
D:2:      layout_loops_ring
D:3:      layout_loops_corners, lightli_temple_of_fire

Skill      XL: |  1  2  3  4 |
---------------+-------------+-----
Dodging        | 2 |  2.4
Stealth        | 6 |  6.3
Evocations     | 1 |  1.7
Fighting       | 3 |  3.0
Short Blades   | |  2.0
Throwing       | |  2.0

Action                   |  1- 3 |  4- 6 || total
-------------------------+-------+-------++-------
Melee: Dagger            |    57 |    45 ||   102
       Constrict         |    13 |    16 ||    29
       Tentacles         |    12 |     9 ||    21
       Punch             |       |     3 ||     3
 Fire: Sling             |    11 |       ||    11
Throw: Stone             |    18 |       ||    18
  Use: Scroll            |     8 |     2 ||    10
 Stab: Sleeping          |    10 |     4 ||    14
Armor: Skin              |     2 |     3 ||     5
Dodge: Dodged            |    33 |    20 ||    53

Table legend: (Time is in decaauts)
 A = Elapsed time spent in this place.
 B = Non-inter-level travel time spent in this place.
 C = Inter-level travel time spent in this place.
 D = Time resting spent in this place.
 E = Time spent auto-exploring this place.
 F = Levels seen in this place.
 G = Mean time per level.
                   A        B        C        D        E       F      G
               +--------+--------+--------+--------+--------+-----+--------+
         Total |   2169 |   2099 |     70 |    262 |   1496 |   3 |  723.0 |
       Dungeon |   2169 |   2099 |     70 |    262 |   1496 |   3 |  723.0 |
               +--------+--------+--------+--------+--------+-----+--------+

Top non-repeatable levels by time:
     D:3: 764 daAuts
     D:1: 706 daAuts
     D:2: 698 daAuts

Table legend:
 A = Kills in this place as a percentage of kills in entire the game.
 B = Kills by you in this place as a percentage of kills by you in the entire game.
 C = Kills by friends in this place as a percentage of kills by friends in the entire game.
 D = Other kills in this place as a percentage of other kills in the entire game.
 E = Experience gained in this place as a percentage of experience gained in the entire game.
 F = Experience gained in this place divided by the number of levels of this place that you have seen.
                   A       B       C       D       E      F
               +-------+-------+-------+-------+-------+----------------------
         Total | 100.0 | 100.0 |   N/A |   N/A | 100.0 |  54.7
       Dungeon | 100.0 | 100.0 |   N/A |   N/A | 100.0 |  54.7
               +-------+-------+-------+-------+-------+----------------------
